 Dungeon Crawl Stone Soup version 0.30-a0-964-gd452b5e7fa (webtiles) character file.

Game seed: 15118151755659056708

65 jasper the Conjurer (level 3, -2/24 HPs)
             Began as a Demonspawn Conjurer on Mar 30, 2023.
             Slain by an orc wizard
             ... wielding a +0 dagger
              (3 damage)
             ... on level 2 of the Dungeon.
             The game lasted 00:03:30 (1145 turns).

jasper the Conjurer (Demonspawn Conjurer)           Turns: 1145, Time: 00:03:31

Health: -2/24      AC:  3    Str:  6 (7)  XL:     3   Next: 94%
Magic:  6/7        EV: 12    Int: 20 (21) God:
Gold:   62         SH:  0    Dex:  9 (11) Spells: 5/8 levels left

rFire   . . .      SeeInvis .    h - +0 flail (heavy)
rCold   . . .      Faith    .    (no shield)
rNeg    . . .      Spirit   .    a - +0 robe
rPois   .          Reflect  .    (no helmet)
rElec   .          Rampage  .    (no cloak)
rCorr   .                        (no gloves)
Will    .....                    e - +0 pair of boots
Stlth   +                        (no amulet)
HPRegen 0.24/turn                (no ring)
MPRegen 0.20/turn                (no ring)

@: confused, mighty
A: magic regeneration
a: no special abilities


You were on level 2 of the Dungeon.
You visited 1 branch of the dungeon, and saw 2 of its levels.

You collected 62 gold pieces.

Inventory:

Hand Weapons
 c - a +0 dagger
 h - a +0 heavy flail (weapon)
Missiles
 d - 11 stones
 k - 4 boomerangs
Armour
 a - a +0 robe (worn)
 e - a +0 pair of boots (worn)
Scrolls
 g - a scroll of teleportation {unknown}
 j - 2 scrolls of identify {unknown}


   Skills:
 - Level 1.7 Dodging
 - Level 1.7 Stealth
 + Level 3.1 Spellcasting
 + Level 4.8 Conjurations


You had 5 spell levels left.
You knew the following spells:

 Your Spells              Type           Power      Damage    Failure   Level
a - Magic Dart            Conj           88%        1d7       1%          1
b - Searing Ray           Conj           44%        2d6       3%          2

Your spell library contained the following spells:

 Spells                   Type           Power      Damage    Failure   Level
 Kiss of Death            Conj/Necr      48%        2d9       5%          1
 Dazzling Flash           Conj/Hex       24%        N/A       16%         3
 Confusing Touch          Hex            3%         N/A       38%         3
 Fulminant Prism          Conj/Hex       6%         3d6       45%         4
 Iskenderun's Mystic Bla  Conj/Tloc      12%        2d5       45%         4
 Dispel Undead            Necr           3%         3d7       80%         4


Dungeon Overview and Level Annotations

Branches:
Dungeon (2/15)

Altars:

Annotations:
D:2 1 runed translucent door, Crazy Yiuf


Innate Abilities, Weirdness & Mutations

You regenerate magic rapidly.


Message History

Something hits you but does no damage.
You now have 2/7 mp.
Casting: Searing Ray (safe; 3% risk of failure)
Confirm with . or Enter, or press ? or * to list all spells.
Aiming: Searing Ray (safe; 3% risk of failure)
Press: ? - help, Shift-Dir - straight line The searing ray hits something. (Press . to maintain the ray.)
Something hits you but does no damage.
You now have 1/7 mp.
The searing ray hits something.
Something hits you but does no damage.
You now have 0/7 mp.
Without enough magic to sustain it, your searing ray dissipates.
Something hits you.
* * * LOW HITPOINT WARNING * * *
You take 3 damage, and have 7/24 hp.
It was a potion of might.
You feel very mighty all of a sudden. Something completely misses you.
Magic courses through your body. Something hits you.
* * * LOW HITPOINT WARNING * * *
You take 3 damage, and have 4/24 hp.
MP restored: 7
Casting: Searing Ray (safe; 3% risk of failure)
Confirm with . or Enter, or press ? or * to list all spells.
Aiming: Searing Ray (safe; 3% risk of failure)
Press: ? - help, Shift-Dir - straight line (Press . to maintain the ray.)
You hear some strange, mumbled words.
You are confused.
You now have 5/7 mp.
You aren't carrying any potions.
Unknown command.
You closely miss something.
You hear some strange, mumbled words.
A magic dart appears from out of thin air!
The magic dart hits you.
* * * LOW HITPOINT WARNING * * *
Something hits you.
You die...

#.###.###.#.#
...........#
#.......##
##......#
#......#
#..##### #.##
#{#
######@####
#.........#
#.........##
#...........##
..........#..#
..#.......##.#
# #...#......#
...#.#..)...#
#..#........#


There were no monsters in sight!

Vanquished Creatures
  An orc priest (D:1)
  An orc (D:2)
  A ball python (D:1)
  4 endoplasms
  3 giant cockroaches
  2 goblins
  2 hobgoblins (D:1)
  3 jackals (D:1)
  2 kobolds (D:1)
  A quokka (D:1)
  6 bats
  3 frilled lizards
  3 rats (D:1)
32 creatures vanquished.

Notes
Turn   | Place    | Note
-------+----------+-------------------------------------------
     0 | D:1      | jasper the Demonspawn Conjurer began the quest for the Orb.
     0 | D:1      | Reached XP level 1. HP: 13/13 MP: 3/3
   312 | D:1      | Gained mutation: You regenerate magic rapidly. [demonic
                  | ancestry]
   312 | D:1      | Reached XP level 2. HP: 19/19 MP: 0/5
   386 | D:1      | Learned a level 2 spell: Searing Ray
   832 | D:1      | Reached XP level 3. HP: 19/24 MP: 0/7
  1024 | D:2      | Found a runed translucent door.
  1025 | D:2      | Noticed Crazy Yiuf
  1145 | D:2      | HP: 1/24 [something/magic dart (4)]
  1145 | D:2      | Slain by an orc wizard

Illustrated notes

Levels and vault maps discovered:
D:1:      matt_arrival_los_fun, layout_rooms
D:2:      layout_rooms, minmay_misc_feat_roman, amethyst_killhole,
          hangedman_decor_peaks_small, minmay_distorted, uniq_crazy_yiuf_cottage

Skill      XL: |  1  2 |
---------------+-------+-----
Spellcasting   | 3 |  3.1
Dodging        | |  1.7
Stealth        | |  1.7
Conjurations   | |  4.8

Action                     || total
---------------------------++-------
  Melee: Flail             ||     1
   Cast: Magic Dart        ||    56
         Searing Ray       ||     4
    Use: Potion            ||     4
 Armour: Robe              ||     6
  Dodge: Dodged            ||     8

Table legend: (Time is in decaauts)
 A = Elapsed time spent in this place.
 B = Non-inter-level travel time spent in this place.
 C = Inter-level travel time spent in this place.
 D = Time resting spent in this place.
 E = Time spent auto-exploring this place.
 F = Levels seen in this place.
 G = Mean time per level.
                   A        B        C        D        E       F      G
               +--------+--------+--------+--------+--------+-----+--------+
         Total |   1146 |   1054 |     92 |    163 |    562 |   2 |  573.0 |
       Dungeon |   1146 |   1054 |     92 |    163 |    562 |   2 |  573.0 |
               +--------+--------+--------+--------+--------+-----+--------+

Top non-repeatable levels by time:
     D:1: 885 daAuts
     D:2: 261 daAuts
